 Dungeon Crawl Stone Soup version 0.20.1-1-g8b1a95d (webtiles) character file.

143 Fengband the Skirmisher (level 5, 0/43 HPs)
             Began as a Formicid Chaos Knight on Sept 27, 2017.
             Succumbed to an orc priest's poison
             ... on level 3 of the Dungeon.
             The game lasted 00:18:48 (2470 turns).

Fengband the Skirmisher (Formicid Chaos Knight)     Turns: 2470, Time: 00:18:49

Health: 0/43       AC: 10    Str: 23    XL:     5   Next: 50%
Magic:  5/5        EV: 10    Int: 11    God:    Xom [....*.]
Gold:   256        SH:  0    Dex: 10    Spells: 4/4 levels left

rFire    . . .     SeeInvis +   a - +3 quarterstaff (chaos)
rCold    . . .     Gourm    .   (no shield)
rNeg     . . .     Faith    .   v - +3 scale mail
rPois    .         Spirit   .   (helmet unavailable)
rElec    .         Reflect  .   q - +0 cloak
rCorr    .         Harm     .   (no gloves)
MR       .....                  (no boots)
Stlth    ..........             (no amulet)
Regen    0.2/turn               (no ring)
MPRegen  0.1/turn               (no ring)

@: mighty, lethally poisoned (0 -> -14)
A: permanent stasis, dig shafts and tunnels, four strong arms, antennae 3
a: Dig, Shaft Self, Renounce Religion


You were on level 3 of the Dungeon.
You worshipped Xom.
You were a beloved toy of Xom.
You were full.

You visited 1 branch of the dungeon, and saw 3 of its levels.

You collected 256 gold pieces.

Inventory:

Hand Weapons
 a - a +3 quarterstaff of chaos (weapon)
 b - a +0 hunting sling
Missiles
 f - 46 bolts
 i - 68 stones (quivered)
 l - 38 sling bullets
 w - 20 arrows
Armour
 q - a +0 cloak (worn)
 s - a +2 leather armour
 v - a +3 scale mail (worn)
Scrolls
 d - 3 scrolls of teleportation {unknown}
 g - 3 scrolls of fog {unknown}
 h - a scroll of identify {unknown}
 j - a scroll of noise {unknown}
 m - a scroll of fear {unknown}
 p - a scroll of enchant armour {unknown}
 r - a scroll of remove curse {unknown}
 u - a scroll of enchant weapon {unknown}
Potions
 k - a potion of might
 n - a potion of curing {unknown}
 o - a potion of flight {unknown}
Comestibles
 c - 4 bread rations


   Skills:
 + Level 4.7 Fighting
   Level 3.7 Long Blades
 + Level 1.6 Staves
 + Level 1.0 Slings
 + Level 2.7 Armour
 + Level 1.1 Dodging


You had 4 spell levels left.
You didn't know any spells.

Dungeon Overview and Level Annotations

Branches:
Dungeon (3/15)

Altars:


Innate Abilities, Weirdness & Mutations

You cannot be hasted, slowed, berserked, paralysed or teleported.
You can dig through walls and to a lower floor.
Your four strong arms can wield two-handed weapons with a shield.
You have a pair of large antennae on your head. (SInv)


Message History

You barely miss the orc priest.
The orc priest is almost dead.
You feel sick.
The orc priest hits you but does no damage.
You are lethally poisoned!
You hit the orc priest but do no damage.
The orc priest is almost dead.
The orc priest blinks!
You feel sick.
It was a potion of might.
You feel very mighty all of a sudden.
* * * LOW HITPOINT WARNING * * *
You feel sick.
The orc priest mumbles some strange prayers to Beogh against you.
Beogh smites you!
* * * LOW HITPOINT WARNING * * *
It was a potion of berserk rage.
Your stasis prevents you from going berserk.
Xom roars with laughter!
You die...
Xom bursts into laughter!

...###.......##..................
.†.# #.......##..................
...# #.......##...........†......
##'###.......#######+###.........
.....#.......# #.# #.........
.....#.......### #.###.........
.....#.......+.#####.........####
.....#.......#.##............# #
.....#######.#..@.....†.....##
.....# ####§....####### .....#
####..o..# .....# #.......(#
.....+ #.#........# .....#
#.'...?....# ..... ###.....(..#
.#..# #........# ##..# #........#


You could see an orc priest.

Vanquished Creatures
  Crazy Yiuf (D:2)
  5 adders
  An ooze (D:1)
  A worm (D:3)
  A dart slug (D:1)
  5 leopard geckos
  3 orcs (D:3)
  2 bats
  4 goblins
  3 hobgoblins
  2 jackals (D:3)
  4 kobolds
  A quokka (D:2)
  3 frilled lizards
  28 rats
  A fungus (D:1)
65 creatures vanquished.

Notes
Turn   | Place    | Note
-------+----------+-------------------------------------------
     0 | D:1      | Fengband the Formicid Chaos Knight began the quest for the Orb.
     0 | D:1      | Reached XP level 1. HP: 18/18 MP: 1/1
   199 | D:1      | XOM: silly message
   573 | D:1      | Reached XP level 2. HP: 24/24 MP: 2/2
   592 | D:1      | XOM: potion effect (might)
   668 | D:1      | XOM: divination: detect items
   903 | D:2      | Reached XP level 3. HP: 20/30 MP: 3/3
  1011 | D:2      | XOM: god gift: bread ration
  1045 | D:2      | Reached skill level 4 in Fighting
  1103 | D:2      | XOM: medium Erth miscast
  1434 | D:2      | Found a runed door.
  1438 | D:2      | Noticed Crazy Yiuf
  1438 | D:2      | Killed Crazy Yiuf
  1438 | D:2      | Reached XP level 4. HP: 38/38 MP: 4/4
  1438 | D:2      | XOM: cast spell 'Chain of Chaos'
  1957 | D:3      | XOM: smoke on damage
  1963 | D:3      | Reached skill level 1 in Staves
  2107 | D:3      | Reached XP level 5. HP: 38/43 MP: 5/5
  2199 | D:3      | Reached skill level 1 in Dodging
  2330 | D:3      | XOM: snakes to sticks
  2462 | D:3      | Reached skill level 1 in Slings
  2469 | D:3      | HP: 1/43 [orc priest/divine providence (11)]
  2470 | D:3      | Succumbed to an orc priest's poison

Skill      XL: |  1  2  3  4  5 |
---------------+----------------+-----
Fighting       | 4 |  4.7
Staves         | 1 |  1.6
Dodging        | 1 |  1.1
Slings         | 1 |  1.0
Long Blades    | |  3.7
Armour         | |  2.7

Action                   |  1- 3 |  4- 6 || total
-------------------------+-------+-------++-------
Melee: Falchion          |    41 |       ||    41
       Quarterstaff      |       |    81 ||    81
 Fire: Hunting sling     |       |    25 ||    25
Throw: Javelin           |       |     3 ||     3
 Abil: Dig               |    14 |     1 ||    15
  Use: Potion            |       |     2 ||     2
  Eat: Royal jelly       |     3 |       ||     3
       Fruit             |     2 |       ||     2
       Meat ration       |       |     1 ||     1
Armor: Leather armour    |     6 |    27 ||    33
       Scale mail        |       |     8 ||     8
Dodge: Dodged            |    15 |    72 ||    87
       Rpst.: Falchion   |     5 |       ||     5
